 Dungeon Crawl Stone Soup version 0.17-a0-1-g1f4be75 (webtiles) character file.

60 plathrop the Firebug (level 3, -1/26 HPs)
             Began as a Draconian Fire Elementalist on Mar 4, 2015.
             Slain by a goblin
             ... wielding a +0 short sword
             ... led by Robin
              (3 damage)
             ... on level 2 of the Dungeon.
             The game lasted 00:10:33 (2259 turns).

plathrop the Firebug (Draconian Fire Elementalist)  Turns: 2259, Time: 00:10:33

Health: -1/26      AC:  5    Str: 10    XL:     3   Next: 82%
Magic:  1/6        EV: 12    Int: 16    God:
Gold:   73         SH:  0    Dex: 11    Spells: 3 memorised, 0 levels left

rFire  . . .     SeeInvis .     l - +0 dagger
rCold  . . .     Clarity  .     (armour unavailable)
rNeg   . . .     SustAb   .     (no shield)
rPois  .         Gourm    .     (helmet restricted)
rElec  .         Spirit   .     (no cloak)
rCorr  .         Warding  .     (no gloves)
rMut   .         Stasis   .     (no boots)
MR     .....                    (no amulet)
Stlth  ++........               (no ring)
                                (no ring)

@: very slightly contaminated, not resistant to hostile enchantments, unstealthy
A: unfitting armour, cold-blooded, AC +5
a: no special abilities


You were on level 2 of the Dungeon.
You were not hungry.

You visited 1 branch of the dungeon, and saw 2 of its levels.

You collected 73 gold pieces.

Inventory:

Hand weapons
 l - a +0 dagger (weapon)
Armour
 f - a +0 buckler
Potions
 a - a potion of curing
 d - a potion of brilliance {unknown}
 e - a potion of agility {unknown}
 m - a potion of beneficial mutation {unknown}
Books
 b - a book of Flames

   Spells                             Type                      Level
   a - Flame Tongue                   Conjuration/Fire             1
   b - Throw Flame                    Conjuration/Fire             2
   c - Conjure Flame                  Conjuration/Fire             3
   d - Inner Flame                    Hexes/Fire                   3
   e - Sticky Flame                   Conjuration/Fire             4
   f - Fireball                       Conjuration/Fire             5
Comestibles
 c - 3 bread rations
 i - 5 chunks of flesh


   Skills:
 - Level 1.7 Dodging
 - Level 1.7 Stealth
 - Level 2.0 Spellcasting
 * Level 3.0 Conjurations
 + Level 3.7 Fire Magic


You couldn't memorise any spells.
You knew the following spells:

 Your Spells              Type           Power        Failure   Level  Hunger
a - Flame Tongue          Conj/Fire      ##...        8%          1    #......
b - Throw Flame           Conj/Fire      ##....       10%         2    ###....
c - Conjure Flame         Conj/Fire      ##......     17%         3    ###....


Dungeon Overview and Level Annotations

Branches:
Dungeon (2/15)

Altars:

Annotations:
D:2 Robin


Innate Abilities, Weirdness & Mutations

Your plain brown scales are hard (AC +5).
Your body does not fit into most forms of armour.
Your cold-blooded metabolism reacts poorly to cold.


Message History

* * * LOW HITPOINT WARNING * * *
Robin roars a battlecry!
The goblin goes into a battle-frenzy!
Robin misses you.
You hear a shout! x2
You hit Robin.
Robin is heavily wounded.
The goblin hits you with an uncursed short sword.
* * * LOW HITPOINT WARNING * * *
Robin hits you but does no damage.
You hit Robin.
Robin is heavily wounded.
The goblin closely misses you.
You barely miss Robin. You tail-slap Robin.
Robin is severely wounded.
Robin hits you but does no damage.
You hit Robin but do no damage.
Robin is severely wounded.
The goblin hits you with an uncursed short sword.
You die...

###### #....# #....#
#....# #....########
#[...........
#...<########
##....#############
##.....#...g@gg..((#
##........#######(###
#..#....########..#
##.#..#### #......#
#....##### #..g...#
###..#####.####......#
#....# #...##.......#
.....# #...##.......#
)##..# #...##.......#


You could see Robin and 2 goblins.

Vanquished Creatures
  An adder (D:2)
  A giant mite (D:1)
  3 giant geckos
  An ooze (D:1)
  3 bats (D:1)
  A giant cockroach (D:1)
  11 goblins
  3 hobgoblins
  5 jackals
  A ball python (D:2)
  3 giant newts (D:1)
  A kobold (D:2)
  6 rats
40 creatures vanquished.

Notes
Turn   | Place    | Note
--------------------------------------------------------------
     0 | D:1      | plathrop, the Draconian Fire Elementalist, began the quest for the Orb.
     0 | D:1      | Reached XP level 1. HP: 14/14 MP: 3/3
    67 | D:1      | Reached XP level 2. HP: 8/20 MP: 1/4
  1682 | D:1      | Reached XP level 3. HP: 18/26 MP: 0/6
  2013 | D:1      | Learned a level 2 spell: Throw Flame
  2022 | D:1      | Learned a level 3 spell: Conjure Flame
  2210 | D:2      | Noticed Robin
  2256 | D:2      | HP: 1/26 [goblin/uncursed short sword[Robin] (4)]
  2259 | D:2      | Slain by a goblin

Action                   || total
-------------------------++-------
Melee: Unarmed           ||    50
       Dagger            ||    14
 Cast: Flame Tongue      ||    67
  Use: Scroll            ||     5
  Eat: Chunk             ||     4
       Beef jerky        ||     1
